 Dungeon Crawl Stone Soup version 0.15.0-14-g6bbbb5c (console) character file.

369 gw the Chopper (level 6, -7/56 HPs)
             Began as a Deep Dwarf Fighter on Sept 4, 2014.
             Killed by divine providence
             ... invoked by an orc priest
              (10 damage)
             ... on Level 5 of the Dungeon.
             The game lasted 00:02:21 (3801 turns).

gw the Chopper (Deep Dwarf Fighter)                 Turns: 3801, Time: 00:02:21

HP  -7/56        AC 11     Str 20      XL: 6   Next: 41%
MP   6/6         EV  7     Int  8      God:
Gold 0           SH  0     Dex 14      Spells:  0 memorised,  5 levels left

rFire  . . .     SeeInvis .     q - +1 broad axe
rCold  . . .     Clarity  .     j - +0 chain mail
rNeg   . . .     rCorr    .     (no shield)
rPois  .         rRot     .     b - +0 helmet
rElec  .         Spirit   .     i - +0 cloak
SustAb +         Warding  .     (no gloves)
rMut   .         Stasis   .     (no boots)
Gourm  .                        (no amulet)
MR     .....                    o - ring of sustain abilities
                                s - cursed ring of loudness

@: non-regenerating, heavily drained, not resistant to hostile enchantments,
extremely unstealthy
A: damage resistance, recharge devices, sense surroundings 1, slow healing 3
a: Device Recharging


You were on level 5 of the Dungeon.
You were not hungry.

You visited 1 branch of the dungeon, and saw 5 of its levels.

Inventory:

Hand weapons
 q - a +1 broad axe (weapon)
Missiles
 m - 155 stones (quivered)
Armour
 b - a +0 helmet (worn)
 i - a +0 cloak (worn)
 j - a +0 chain mail (worn)
Magical devices
 d - a wand of heal wounds (0)
 e - a wand of disintegration (3)
Comestibles
 c - a slice of pizza
 f - 6 bread rations
 h - 3 chunks of orc flesh
 k - 2 meat rations
 l - a beef jerky
 r - 4 fruits
Scrolls
 g - a scroll of remove curse
 n - 6 scrolls of identify
 t - a scroll of amnesia {unknown}
Jewellery
 o - a ring of sustain abilities (right hand)
 s - a cursed ring of loudness (left hand)
Potions
 a - a potion of lignification {unknown}
 p - a potion of curing
 u - a potion of restore abilities {unknown}


   Skills:
 + Level 3.6(2.1) Fighting
 * Level 5.0(3.5) Axes
 + Level 2.4(0.9) Throwing
 + Level 4.8(3.2) Armour
   Level 3.2(1.8) Shields


You had 5 spell levels left.
You didn't know any spells.

Dungeon Overview and Level Annotations

Branches:
Dungeon (5/15)
 Temple: D:4-7

Altars:
Fedhas
Okawaru
Trog

Shops:
D:4 [   D:5 (


Innate Abilities, Weirdness & Mutations

You are resistant to damage.
You can recharge devices by infusing magical energy.
You passively map a small area around you.
You do not heal naturally.


Message History

You slash the orc!
You kill the orc!
The orc priest looks braver.
ATTACKING (1,0)
The orc shouts!
You see here a dagger.
ATTACKING (1,-1)
The orc hits you from afar with a runed trident.
You see here a stone.
ATTACKING (1,0)
You hit the orc priest but do no damage.
The orc priest hits you but does no damage.
The orc barely misses you.
ATTACKING (1,0)
You hit the orc priest but do no damage.
The orc priest hits you but does no damage.
The orc hits you but does no damage.
The orc priest calls down the wrath of Beogh upon you.
Something smites you!
You die...

, , ..... * #....(, ,
#....# , , ....# *
*#<..####*.
#......#*....
##o.(.#.##.....
####...(.#........#
#.)go..(..# #$....#
#.........# #.....#
,#........%###.....#
*
#P................##
,
,+........###........
#P.####### #........
#..# #........ * #..#
#........ ###
**####........


You could see an orc priest and an orc.

Table legend:
 A = Turns spent in this place as a percentage of turns spent in the entire game.
 B = Non-inter-level travel turns spent in this place as a percentage of non-inter-level travel turns spent in the entire game.
 C = Inter-level travel turns spent in this place as a percentage of turns spent in this place.
 D = Turns resting spent in this place as a percentage of non-inter-level travel turns spent in this place.
 E = Turns spent auto-exploring this place as a percentage of non-inter-level travel turns spent in this place.
 F = Non-inter-level travel turns spent in this place divided by the number of levels of this place that you've seen.
                   A       B       C       D       E      F
               +-------+-------+-------+-------+-------+----------------------
         Total | 100.0 | 100.0 |   2.6 |   0.2 |  14.3 | 231.4
       Dungeon | 100.0 | 100.0 |   2.6 |   0.2 |  14.3 | 231.4
               +-------+-------+-------+-------+-------+----------------------

Table legend:
 A = Kills in this place as a percentage of kills in entire the game.
 B = Kills by you in this place as a percentage of kills by you in the entire game.
 C = Kills by friends in this place as a percentage of kills by friends in the entire game.
 D = Other kills in this place as a percentage of other kills in the entire game.
 E = Experience gained in this place as a percentage of experience gained in the entire game.
 F = Experience gained in this place divided by the number of levels of this place that you have seen.
                   A       B       C       D       E      F
               +-------+-------+-------+-------+-------+----------------------
         Total | 100.0 | 100.0 |  -nan |  -nan | 100.0 | 105.6
       Dungeon | 100.0 | 100.0 |  -nan |  -nan | 100.0 | 105.6
               +-------+-------+-------+-------+-------+----------------------

Vanquished Creatures
  Sigmund (D:3)
  An orc wizard (D:4)
  A hound (D:4)
  An orc priest (D:3)
  2 worker ants (D:4)
  An iguana (D:4)
  Terence (D:3)
  2 hound skeletons (D:4)
  2 adders (D:3)
  A worm (D:2)
  A giant mite (D:5)
  A giant gecko (D:3)
  12 orcs
  2 ball pythons (D:3)
  2 giant cockroaches
  4 goblins
  5 hobgoblins
  3 jackals (D:1)
  7 bats
  3 giant newts
  8 kobolds
  5 quokkas
  4 rats
70 creatures vanquished.

Notes
Turn   | Place    | Note
--------------------------------------------------------------
     0 | D:1      | gw, the Deep Dwarf Fighter, began the quest for the Orb.
     0 | D:1      | Reached XP level 1. HP: 20/20 MP: 1/1
   393 | D:1      | Reached XP level 2. HP: 27/27 MP: 2/2
   875 | D:2      | Found an iron altar of Okawaru.
   892 | D:2      | Found a bloodstained altar of Trog.
   990 | D:2      | Found a blossoming altar of Fedhas.
  1230 | D:2      | Reached XP level 3. HP: 28/33 MP: 3/3
  1365 | D:3      | Noticed Terence
  1377 | D:3      | Killed Terence
  1510 | D:3      | Reached skill level 1 in Throwing
  1641 | D:3      | HP: 1/34 [orc priest/divine providence (9)]
  1645 | D:3      | Reached XP level 4. HP: 27/42 MP: 4/4
  1689 | D:3      | Reached skill level 4 in Armour
  2044 | D:3      | Noticed Sigmund
  2054 | D:3      | Killed Sigmund
  2054 | D:3      | Reached XP level 5. HP: 30/49 MP: 5/5
  2418 | D:4      | Found Shaluu's Armour Boutique.
  2449 | D:4      | Reached XP level 6. HP: 37/56 MP: 6/6
  3143 | D:4      | Reached skill level 5 in Axes
  3431 | D:5      | Entered Level 5 of the Dungeon
  3744 | D:5      | Found Ecamuxal's Antique Weapon Boutique.
  3801 | D:5      | Killed from afar by an orc priest

Action                   |  1- 3 |  4- 6 || total
-------------------------+-------+-------++-------
Melee: War axe           |    86 |    20 ||   106
       Broad axe         |       |    98 ||    98
Throw: Stone             |    57 |    83 ||   140
Evoke: Wand              |     2 |     4 ||     6
  Use: Potion            |     4 |     4 ||     8
       Scroll            |     4 |     3 ||     7
  Eat: Chunk             |     2 |     7 ||     9

Vault maps used:
D:1:      lemuel_arrival_rhombus
D:2:      grunt_temple_overflow_open, fedhas_altar_1
D:3:      serial_curves, eino_curves_04, eino_curves_04, first_bread,
          guppyfry_early_lair_pool, uniq_sigmund, uniq_terence
D:4:      serial_shops, shop
D:5:      minmay_temple_entry_overgrown, serial_shops, shop,
          cheibrodos_gnoll_hut
